 Dungeon Crawl Stone Soup version 0.25-a0-353-ged6d54792d (webtiles) character file.

Game seed: 1803857650542835700, levelgen mode: classic

561211 Borgoz the Slayer (level 26, -4/274 HPs)
             Began as a Gargoyle Gladiator on Jan 2, 2020.
             Was the Champion of Makhleb.
             Killed by divine providence
             ... invoked by a greater mummy
              (14 damage)
             ... on level 3 of the Tomb of the Ancients on Jan 3, 2020.
             The game lasted 02:34:55 (58204 turns).

Borgoz the Slayer (Gargoyle Gladiator)             Turns: 58204, Time: 02:34:56

Health: -4/274     AC: 62    Str: 35      XL:     26   Next: 64%
Magic:  0/23       EV: 19    Int:  5 (17) God:    Makhleb [******]
Gold:   4020       SH: 14    Dex: 19      Spells: 25/25 levels left

rFire    + . .     SeeInvis .   l - +1 demon whip of Exquisite Death {slash, rElec Str+3 Int+4}
rCold    + . .     Gourm    .   j - +3 warlock's mirror {reflect}
rNeg     + . .     Faith    .   Q - +9 scales of the Dragon King {rPois rF+ rC+ MR+}
rPois    ∞         Spirit   +   u - +2 hat {MR+}
rElec    +         Reflect  +   F - scarf {Spirit}
rCorr    .         Harm     .   V - +3 pair of gauntlets of War {Slay+5}
MR       +++..                  m - +1 pair of boots
Stlth    ..........             s - +5 amulet of reflection
HPRegen  0.55/turn              I - +4 ring of strength
MPRegen  0.18/turn              E - +5 ring of dexterity

@: berserking, flying, slowed, heavily drained
A: big wings, negative energy resistance 1, electricity resistance, unbreathing,
petrification resistance, rot immunity, AC +20
}: 3/15 runes: serpentine, barnacled, silver
a: Stop Flying, Minor Destruction, Lesser Servant of Makhleb, Major Destruction,
Greater Servant of Makhleb, Renounce Religion


You were on level 3 of the Tomb of the Ancients.
You worshipped Makhleb.
Makhleb was exalted by your worship.
You were not hungry.

You visited 10 branches of the dungeon, and saw 46 of its levels.
You visited the Abyss 1 time.
You also visited: Ossuary and Volcano.

You collected 8286 gold pieces.
You spent 4266 gold pieces at shops.

Inventory:

Hand Weapons
 a - the +3 fustibalus of Fate {freeze, Str+3 Stlth+}
   (You found it on level 1 of the Crypt)

   It causes projectiles fired from it to freeze those they strike, causing
   extra injury to most foes and up to half again as much damage against
   particularly susceptible opponents.
   They can also slow down cold-blooded creatures.
   It affects your strength (+3).
   It makes you more stealthy.
 i - a +1 great mace of crushing
 l - the +1 demon whip of Exquisite Death (weapon) {slash, rElec Str+3 Int+4}
   (You acquired it on level 2 of the Orcish Mines)

   It inflicts extra damage upon your enemies.
   It affects your strength (+3).
   It affects your intelligence (+4).
   It insulates you from electricity.
 n - the +6 long sword "Dragonbane" {slice, rElec MP-9 Dex+7}
   (You took it off a guardian mummy on level 1 of the Tomb of the Ancients)

   It inflicts extra damage upon your enemies.
   It affects your dexterity (+7).
   It insulates you from electricity.
   It affects your magic capacity (-9).
 r - a +6 great mace of crushing
 B - a +2 vampiric demon whip
Missiles
 d - 9 throwing nets (quivered)
Armour
 j - the +3 warlock's mirror (worn) {reflect}
   (You bought it in a shop on level 6 of the Dungeon)
 m - a +1 pair of boots (worn)
 u - a +2 hat of magic resistance (worn)
 F - a scarf of spirit shield (worn)
 Q - the +9 scales of the Dragon King (worn) {rPois rF+ rC+ MR+}
   (You found it on level 5 of the Vaults)

   It protects you from fire.
   It protects you from cold.
   It protects you from poison.
   It affects your resistance to hostile enchantments.
 V - the +3 pair of gauntlets of War (worn) {Slay+5}
   (You found it on level 4 of the Dungeon)

   It affects your accuracy and damage with ranged weapons and melee attacks
   (+5).
Jewellery
 q - an uncursed amulet of guardian spirit
 s - a +5 amulet of reflection (around neck)
 x - an uncursed ring of protection from fire
 y - an uncursed ring of protection from magic
 C - a +5 ring of protection
 E - a +5 ring of dexterity (right hand)
 I - a +4 ring of strength (left hand)
 P - the ring of Vodka {rElec rPois rC+ rCorr Dex-4}
   (You took it off an orc knight on level 5 of the Vaults)

   [ring of resist corrosion]

   It affects your dexterity (-4).
   It protects you from cold.
   It insulates you from electricity.
   It protects you from poison.
   It provides partial protection from all sources of acid and corrosion.
 S - an uncursed ring of see invisible
Wands
 h - a wand of acid (25)
 t - a wand of digging (11)
 w - a wand of clouds (4)
 G - a wand of paralysis (66)
 M - a wand of disintegration (8)
 N - a wand of iceblast (15)
 X - a wand of scattershot (10)
Scrolls
 b - 7 scrolls of magic mapping
 e - 18 scrolls of remove curse
 o - 2 scrolls of silence
 v - 11 scrolls of identify
 A - 11 scrolls of blinking
 H - 22 scrolls of teleportation
 J - 4 scrolls of fog
 O - 4 scrolls of fear
Potions
 c - 6 potions of might
 g - 13 potions of curing
 k - 10 potions of haste
 p - 6 potions of heal wounds
 z - 8 potions of cancellation
 D - 2 potions of ambrosia
 K - 2 potions of agility
 U - 8 potions of resistance
 Y - 2 potions of berserk rage
Comestibles
 f - 69 rations


   Skills:
 + Level 23.3(21.4) Fighting
 + Level 22.3(20.5) Maces & Flails
 - Level 1.7(0.6) Throwing
 + Level 23.2(21.3) Armour
 + Level 19.0(17.2) Dodging
 + Level 8.1(6.7) Shields


You had 25 spell levels left.
You didn't know any spells.
Your spell library contained the following spells:

 Spells                   Type           Power        Failure   Level  Hunger
 Beastly Appendage        Tmut           #.....       98%         1    ##.....
 Confusing Touch          Hex            #.....       98%         1    ##.....
 Corona                   Hex            #......      98%         1    ##.....
 Freeze                   Ice            #...         98%         1    ##.....
 Infusion                 Chrm           #...         98%         1    ##.....
 Magic Dart               Conj           #...         98%         1    ##.....
 Sandblast                Erth           #.....       98%         1    ##.....
 Shock                    Conj/Air       #...         98%         1    ##.....
 Sting                    Tmut/Pois      #...         98%         1    ##.....
 Summon Butterflies       Summ           #.......     98%         1    ##.....
 Summon Small Mammal      Summ           #...         98%         1    ##.....
 Blink                    Tloc           N/A          99%         2    ###....
 Call Imp                 Summ           #.......     99%         2    ###....
 Passwall                 Tmut/Erth      #.......     99%         2    ###....
 Poisonous Vapours        Pois/Air       #.....       99%         2    ###....
 Shroud of Golubria       Chrm/Tloc      #.....       99%         2    ###....
 Slow                     Hex            #.......     99%         2    ###....
 Song of Slaying          Chrm           #.......     99%         2    ###....
 Sticks to Snakes         Tmut           #.......     99%         2    ###....
 Swiftness                Chrm/Air       #.......     99%         2    ###....
 Call Canine Familiar     Summ           #.......     100%        3    ####...
 Confuse                  Hex            #.......     100%        3    ####...
 Conjure Flame            Conj/Fire      #.......     100%        3    ####...
 Gell's Gravitas          Tloc           #.........   100%        3    ####...
 Ignite Poison            Fire/Tmut/Pois #.......     100%        3    ####...
 Inner Flame              Hex/Fire       #.......     100%        3    ####...
 Mephitic Cloud           Conj/Pois/Air  #.......     100%        3    ####...
 Ozocubu's Armour         Chrm/Ice       #.......     100%        3    ####...
 Portal Projectile        Hex/Tloc       #.....       100%        3    ####...
 Recall                   Summ/Tloc      N/A          100%        3    ####...
 Regeneration             Chrm/Necr      #.........   100%        3    ####...
 Spectral Weapon          Hex/Chrm       #.......     100%        3    ####...
 Spider Form              Tmut/Pois      #.........   100%        3    ####...
 Static Discharge         Conj/Air       #.......     100%        3    ####...
 Stone Arrow              Conj/Erth      #.....       100%        3    ####...
 Summon Guardian Golem    Hex/Summ       #.......     100%        3    ####...
 Airstrike                Air            #.........   100%        4    #####..
 Animate Dead             Necr           N/A          100%        4    #####..
 Cause Fear               Hex            #.........   100%        4    #####..
 Hailstorm                Conj/Ice       #.......     100%        4    #####..
 Ice Form                 Ice/Tmut       #.......     100%        4    #####..
 Iskenderun's Mystic Bla  Conj/Tloc      #.......     100%        4    #####..
 Leda's Liquefaction      Hex/Erth       #.........   100%        4    #####..
 Olgreb's Toxic Radiance  Pois           #.......     100%        4    #####..
 Petrify                  Tmut/Erth      #.......     100%        4    #####..
 Summon Ice Beast         Ice/Summ       #.......     100%        4    #####..
 Summon Lightning Spire   Summ/Air       #.......     100%        4    #####..
 Aura of Abjuration       Summ           #.........   100%        5    ######.
 Blade Hands              Tmut           #.........   100%        5    ######.
 Borgnjor's Vile Clutch   Necr/Erth      #.........   100%        5    ######.
 Lee's Rapid Deconstruct  Erth           #.........   100%        5    ######.
 Lightning Bolt           Conj/Air       #.........   100%        5    ######.
 Metabolic Englaciation   Hex/Ice        #.........   100%        5    ######.
 Silence                  Hex/Air        #.........   100%        5    ######.
 Summon Demon             Summ           #.........   100%        5    ######.
 Summon Forest            Summ/Tloc      #.........   100%        5    ######.
 Summon Mana Viper        Hex/Summ       #.......     100%        5    ######.
 Yara's Violent Unravell  Hex/Tmut       #.........   100%        5    ######.
 Conjure Ball Lightning   Conj/Air       #.........   100%        6    #######
 Death Channel            Necr           #.........   100%        6    #######
 Deflect Missiles         Chrm/Air       #.........   100%        6    #######
 Freezing Cloud           Conj/Ice/Air   #.........   100%        6    #######
 Ozocubu's Refrigeration  Ice            #.........   100%        6    #######
 Shadow Creatures         Summ           N/A          100%        6    #######
 Simulacrum               Ice/Necr       #.........   100%        6    #######
 Orb of Destruction       Conj           #.........   100%        7    #######
 Summon Hydra             Summ           #.........   100%        7    #######
 Controlled Blink         Tloc           N/A          100%        8    #######
 Discord                  Hex            #.........   100%        8    #######
 Disjunction              Tloc           #.........   100%        8    #######
 Ignition                 Fire           #.........   100%        8    #######
 Shatter                  Erth           #.........   100%        9    #######
 Tornado                  Air            #.........   100%        9    #######


Dungeon Overview and Level Annotations

Branches:
Dungeon (15/15)            Temple (1/1) D:7            Lair (6/6) D:11
 Shoals (4/4) Lair:4        Snake (4/4) Lair:4        Slime (0/5) Lair:6
    Orc (2/2) D:10            Elf (3/3) Orc:2        Vaults (5/5) D:13
  Crypt (3/3) Vaults:3       Tomb (3/3) Crypt:3      Depths (0/5) D:15
Ossuary (visited)         Volcano (visited)

Altars:
Cheibriados
Dithmenos
Elyvilon
Gozag
Hepliaklqana
Kikubaaqudgha
Makhleb
Okawaru
Ru
Sif Muna
Uskayaw
Vehumet
Yredelemnul
Zin
The Shining One
Jiyva

Shops:
D:4 *   D:6 [*   D:10 [(   D:12 !   Orc:1 !   Orc:2 !(?:   Vaults:2 (
Vaults:3 *

Portals:
Pandemonium: Orc:2


Innate Abilities, Weirdness & Mutations

You are resistant to torment.
Your stone body is resilient. (AC +20)
You are immune to poison.
Your large and strong wings let you fly indefinitely.
You resist negative energy. (rN+)
You are resistant to electric shocks. (rElec)
You can survive without breathing.
You are immune to petrification.
You are immune to rotting.


Message History

The greater mummy is heavily damaged.
The bennu pecks you but does no damage. The bennu claws you.
* * * LOW HITPOINT WARNING * * *
The bennu claws you but does no damage.
You block the skeletal warrior's attack.
The ushabti shakes and rattles deafeningly!
The Executioner gestures.
The Executioner seems to speed up.
Something hits you but does no damage.
The ancient champion casts a spell at you.
The stone arrow hits you but does no damage.
You thrash the greater mummy!!
The greater mummy is severely damaged.
You hear a roar!
You block the bennu's attack. The bennu misses you.
The bennu closely misses you.
The greater mummy gestures wildly while chanting.
The green death is engulfed in spectral mist.
The greater mummy casts a spell at you. Something smites you!
You die...

§§§..# $$$$$)$$##
§.)..+ .$($$$$$$$##
b...b# ...$$$$$$$$#
M.§§§# ....$$$$$$$#
§.§..# ....^$$$$$$#
.§...## ........$})#
..$...# .......z.$$#
M...§..# <$....W.4$#
88......##....zz@{|#
......Mz§##...bMb$##
.§.....§.?##..4z###
M... M. . ###8# ...M
8. MM .Mz.. ...


sM3 (Lz2○. [!8.......zM##. ..M{..... [.#. You could see 3 greater mummies, an
emperor scorpion, a revenant, 2 bennus, a green death, 2 ancient champions, a
mummy priest, a skeletal warrior, a flayed ghost, an ushabti, a neqoxec
(wandering), a chaos spawn, a red devil, 2 flying skulls, a mummy and a wight.

Vanquished Creatures
  2 ancient liches
  Khufu (Tomb:3)
  Mennas (Crypt:1)
  Boris (Crypt:3)
  19 greater mummies
  Vashnia (Snake:3)
  Saint Roka (Snake:3)
  Xtahua (Crypt:1)
  A bone dragon (Crypt:3)
  2 profane servitors (Crypt:3)
  A lich (Crypt:3)
  Jorgrun (Orc:1)
  A tentacled monstrosity (Vaults:3)
  7 titans (Vaults:5)
  2 deep elf blademasters (Elf:3)
  A quicksilver dragon (Vaults:5)
  A deep elf master archer (Elf:3)
  Gastronok (Lair:3)
  6 ancient champions
  2 krakens (Shoals:2)
  A storm dragon (Vaults:5)
  11 sphinxes
  Donald (Snake:3)
  Kirke (Snake:2)
  2 shadow dragons (Vaults:5)
  6 nagarajas
  2 tengu reavers (Vaults:5)
  4 revenants
  7 fire giants
  7 vault wardens
  7 frost giants
  4 deep elf sorcerers
  An orc warlord (Orc:2)
  An iron dragon (Vaults:5)
  2 curse skulls (Crypt:3)
  Aizul (Crypt:1)
  5 deep elf elementalists
  19 ghouls
  A reaper (Crypt:2)
  7 very ugly things
  2 war gargoyles (Vaults:5)
  16 bennus
  An entropy weaver (Vaults:4)
  10 ironheart preservers
  7 stone giants
  2 vampire knights (Crypt:1)
  7 deep elf demonologists
  A red draconian (Volcano)
  Nessos (D:14)
  A minotaur (D:14)
  3 deep elf annihilators
  The ghost of Duod the Severer, a journeyman MiBe of Trog (Lair:3)
  13 eidola
  5 merfolk javelineers
  3 jiangshi
  20 mummy priests
  6 ettins
  3 fire dragons
  10 deep elf death magi
  9 merfolk impalers
  Fannar (Lair:1)
  A quicksilver dragon zombie (Crypt:1)
  A great orb of eyes (Vaults:2)
  8 hydras
  3 deep elf high priests
  Harold (D:7)
  13 yaktaur captains
  Erolcha (D:10)
  2 quicksilver dragon skeletons
  34 vault guards
  2 rakshasas
  15 naga warriors
  2 ice dragons
  10 ogre magi
  A two-headed ogre (shapeshifter) (Vaults:3)
  2 centaur warriors
  9 anacondas
  A catoblepas (Lair:5)
  8 merfolk aquamancers
  2 merfolk avatars
  25 death scarabs
  28 two-headed ogres
  A satyr (Shoals:3)
  An alligator snapping turtle (Shoals:4)
  2 deep troll earth magi (Vaults:2)
  2 death knights (Crypt:3)
  2 vampire magi
  3 death yaks (Lair:4)
  3 tengu warriors
  3 deep troll shamans
  5 orc high priests (Orc:2)
  25 dancing weapons
  A titan zombie (Crypt:1)
  9 naga sharpshooters
  Sonja (Orc:2)
  11 shock serpents
  2 soul eaters
  18 deep elf knights
  3 small abominations (Elf:3)
  A storm dragon zombie (Crypt:1)
  2 shadow wraiths
  The ghost of night the Cleaver, a novice FoFi of Okawaru (D:14)
  3 unseen horrors
  3 salamander mystics
  A golden dragon zombie (Crypt:3)
  37 skeletal warriors
  A fire crab (Lair:6)
  2 quicksilver dragon simulacra
  A storm dragon skeleton (Crypt:2)
  A glowing orange brain (Vaults:2)
  8 deep trolls
  A flayed ghost (Vaults:1)
  A ghost moth zombie (Crypt:3)
  A gelid demonspawn (Orc:2)
  An anaconda zombie (Crypt:3)
  14 sea snakes
  A torturous demonspawn (Orc:2)
  An infernal demonspawn (Orc:2)
  3 shadow dragon zombies
  4 wizards
  9 deep elf archers
  A large abomination (Elf:2)
  27 harpies
  12 naga ritualists
  23 phantasmal warriors
  A lindwurm (shapeshifter) (Vaults:5)
  11 orc knights
  5 wolf spiders
  2 iron dragon zombies
  5 necromancers
  15 ironbrand convokers
  13 fauns
  49 deep elf magi
  36 ugly things
  A frost giant zombie (Crypt:3)
  6 mana vipers
  An oklob plant (Orc:1)
  12 orc sorcerers
  14 manticores
  3 fire giant zombies
  A sphinx skeleton (Crypt:1)
  3 stone giant zombies
  10 cyclopes
  A guardian serpent (shapeshifter) (Vaults:2)
  A salamander (shapeshifter) (Vaults:3)
  16 salamanders
  A dire elephant zombie (Crypt:2)
  7 merfolk sirens
  A fire giant skeleton (Tomb:1)
  Joseph (D:7)
  Maurice (D:8)
  27 naga magi
  11 vault sentinels
  40 black mambas
  3 guardian serpents
  13 elephants (Lair:5)
  A frost giant skeleton (Crypt:2)
  8 water nymphs
  3 black mambas (shapeshifter)
  10 spiny frogs
  2 gargoyles
  2 molten gargoyles (Lair:6)
  A centaur skeleton (D:12)
  An eye of devastation (shapeshifter) (D:15)
  A rime drake (Lair:6)
  A sea snake zombie (Crypt:2)
  A spiny frog (shapeshifter) (Vaults:3)
  A rime drake (shapeshifter) (Vaults:1)
  A black draconian zombie (Crypt:2)
  A dire elephant skeleton (Tomb:1)
  A komodo dragon (shapeshifter) (Vaults:5)
  A kobold demonologist (D:13)
  2 pale draconian zombies (Crypt:1)
  10 freezing wraiths
  A red devil (Orc:2)
  A queen ant zombie (Crypt:1)
  4 komodo dragons
  30 yaktaurs
  26 guardian mummies
  A white draconian skeleton (Crypt:1)
  3 demonic crawlers (D:13)
  A tengu conjurer (D:11)
  5 trolls
  2 hydra zombies (Crypt:3)
  3 meliai (D:13)
  3 polar bears
  3 jumping spiders (Crypt:3)
  38 merfolk
  A hornet (shapeshifter) (Vaults:1)
  6 wind drakes
  3 raiju (Abyss:2)
  3 hornets
  15 slime creatures
  A raiju (shapeshifter) (Vaults:2)
  18 blink frogs
  12 hippogriffs
  2 frost giant simulacra
  9 snapping turtles
  A stone giant simulacrum (Vaults:2)
  2 bog bodies
  7 dream sheep (Shoals:1)
  2 human simulacra (Vaults:3)
  An ettin zombie (Crypt:1)
  A tarantella (shapeshifter) (Vaults:2)
  Sigmund (D:2)
  25 flying skulls
  A tarantella (Vaults:4)
  2 spriggans (Lair:3)
  3 vampires
  12 wraiths
  6 shadows
  6 redbacks
  4 air elementals
  A dire elephant simulacrum (Crypt:2)
  A fire dragon skeleton (Crypt:1)
  3 ynoxinuls (Orc:2)
  18 water elementals
  32 yaks
  9 wyverns
  A human (D:12)
  A basilisk (shapeshifter) (Vaults:3)
  A fire elemental (Elf:1)
  2 hungry ghosts
  4 basilisks
  A chaos spawn (Orc:2)
  5 ushabtiu
  2 steam dragons
  3 vampire mosquitoes (D:13)
  6 wargs
  38 nagas
  Menkaure (D:7)
  A soldier ant (D:10)
  A deep troll skeleton (Crypt:1)
  3 acid dragons
  A glowing shapeshifter zombie (Crypt:2)
  A faun skeleton (Crypt:2)
  12 water moccasins
  9 porcupines
  Duvessa (D:7)
  4 hell hounds (Lair:6)
  50 orc warriors
  5 black bears
  6 ice beasts
  An ice dragon simulacrum (Crypt:1)
  A manticore zombie (Crypt:3)
  A black bear (shapeshifter) (Vaults:4)
  2 phantoms
  9 sky beasts
  20 ogres
  24 necrophages
  2 snapping turtle zombies (Crypt:3)
  19 wolves
  A boggart (shapeshifter) (Vaults:5)
  5 boggarts
  14 centaurs
  A torpor snail zombie (Crypt:2)
  15 crocodiles
  A fire crab zombie (Crypt:1)
  4 elf zombies
  2 big kobolds
  26 bullfrogs
  Dowan (D:7)
  An earth elemental (Elf:3)
  8 wyvern skeletons
  3 scorpions
  21 killer bees
  4 wights (D:6)
  3 electric eels
  3 howler monkeys (D:7)
  8 crimson imps
  4 bullfrog zombies
  A centaur zombie (Ossuary)
  5 lava snakes (Lair:6)
  A quasit (D:11)
  7 jellies
  36 orc priests
  2 bullfrog skeletons
  2 hounds
  A gnoll shaman (D:8)
  30 orc wizards
  Terence (D:2)
  A human skeleton (Crypt:1)
  5 iguanas
  14 worker ants
  A big kobold zombie (Ossuary)
  A killer bee zombie (D:8)
  2 hound zombies
  3 hound skeletons
  51 mummies
  3 worker ant zombies
  Robin (D:2)
  11 adders
  14 gnolls
  A howler monkey skeleton (D:5)
  A swamp drake zombie (Crypt:2)
  3 shadow imps
  6 oozes
  3 adder zombies
  3 worms
  2 dart slugs
  10 leopard geckos
  110 orcs
  2 ball pythons
  14 bats
  6 giant cockroaches
  13 hobgoblins
  15 jackals
  17 kobolds
  2 quokkas
  8 frilled lizards
  17 goblins
  2 goblin skeletons (D:4)
  4 goblin zombies
  13 hobgoblin zombies
  A jackal skeleton (D:4)
  3 kobold skeletons
  11 kobold zombies
  2 orc skeletons (D:4)
  8 orc zombies
  11 rats
  2 rat zombies
  2 crawling corpses (Elf:3)
  A fungus (Lair:1)
  2 tentacles (Shoals:2)
  A withered plant (Crypt:3)
2226 creatures vanquished.

Vanquished Creatures (others)
  A deep elf master archer (Elf:3)
  2 centaur warriors
  A deep elf knight (Vaults:1)
  2 naga sharpshooters
  A shadow wraith (Vaults:3)
  3 deep elf archers
  A wizard (Vaults:3)
  A deep elf mage (Elf:1)
  A faun (Shoals:3)
  A manticore (Shoals:4)
  A merfolk siren (Shoals:4)
  2 yaktaurs
  A merfolk (Shoals:2)
  A vampire (Vaults:3)
  A boggart (Vaults:3)
  An orc priest (Orc:2)
  A ball lightning (Tomb:2)
  2 orcs (Orc:2)
  3 bushes (Lair:6)
  45 fungi
  40 plants
  20 tentacles (Shoals:2)
  2 withered plants (Crypt:3)
134 creatures vanquished.

Grand Total: 2360 creatures vanquished

Notes
Turn   | Place    | Note
-------+----------+-------------------------------------------
     0 | D:1      | Borgoz the Gargoyle Gladiator began the quest for the Orb.
     0 | D:1      | Reached XP level 1. HP: 12/12 MP: 1/1
   323 | D:1      | Reached XP level 2. HP: 18/18 MP: 2/2
   450 | D:1      | Reached skill level 1 in Armour
   557 | D:1      | Reached XP level 3. HP: 22/22 MP: 3/3
  1035 | D:2      | Reached XP level 4. HP: 8/27 MP: 4/4
  1243 | D:2      | Found a basalt altar of Yredelemnul.
  1258 | D:2      | Noticed Terence
  1269 | D:2      | Killed Terence
  1375 | D:2      | Noticed Robin
  1387 | D:2      | Killed Robin
  1408 | D:2      | Reached XP level 5. HP: 29/32 MP: 5/5
  1491 | D:2      | Found a burning altar of Makhleb.
  1509 | D:2      | Found a hazy altar of Hepliaklqana.
  1515 | D:2      | Became a worshipper of Makhleb the Destroyer
  1680 | D:2      | Noticed Sigmund
  1705 | D:2      | Killed Sigmund
  1705 | D:2      | Reached XP level 6. HP: 10/38 MP: 6/6
  2058 | D:2      | Reached skill level 5 in Maces & Flails
  2442 | D:3      | Reached * piety under Makhleb
  2750 | D:3      | Reached XP level 7. HP: 43/43 MP: 7/7
  2752 | D:3      | Found a snail-covered altar of Cheibriados.
  2978 | D:4      | Reached ** piety under Makhleb
  2979 | D:4      | Found a sand-covered staircase.
  2991 | Ossuary  | Entered an ossuary
  3161 | Ossuary  | Reached *** piety under Makhleb
  3364 | D:4      | Found a glowing golden altar of the Shining One.
  3451 | D:4      | Reached XP level 8. HP: 24/48 MP: 8/8
  3701 | D:4      | Found Toil's Serpentskin Sales.
  3705 | D:4      | Reached skill level 5 in Fighting
  4008 | D:4      | Found the +3 pair of gauntlets of War {Slay+5}
  4259 | D:5      | Entered Level 5 of the Dungeon
  4279 | D:5      | Reached **** piety under Makhleb
  4370 | D:5      | Reached skill level 5 in Armour
  4522 | D:5      | Reached XP level 9. HP: 55/55 MP: 9/9
  5089 | D:5      | Reached skill level 5 in Dodging
  5255 | D:6      | Found Zin's Purification Station.
  5258 | D:6      | Found a glowing silver altar of Zin.
  5265 | D:6      | Found Conn's Antique Armour Emporium.
  5465 | D:6      | Found an iron altar of Okawaru.
  5756 | D:6      | Found a shimmering blue altar of Sif Muna.
  5757 | D:6      | Noticed a tengu warrior
  5766 | D:6      | Found a transporter.
  5776 | D:6      | Found a transporter.
  6081 | D:6      | Noticed a cyclops
  6093 | D:6      | Killed a cyclops
  6093 | D:6      | Reached XP level 10. HP: 36/63 MP: 10/10
  6267 | D:6      | Found a shadowy altar of Dithmenos.
  6431 | D:7      | Found a hide-covered altar of Uskayaw.
  6431 | D:7      | Noticed a -1 hand axe
  6433 | D:7      | Noticed a +0 dagger
  6527 | D:7      | Found an ancient bone altar of Kikubaaqudgha.
  6610 | D:7      | Noticed Harold
  6643 | D:7      | Killed Harold
  6694 | D:7      | Reached skill level 10 in Maces & Flails
  6915 | D:7      | Noticed Joseph
  6941 | D:7      | Killed Joseph
  6982 | D:7      | Noticed Duvessa
  6988 | D:7      | Noticed Dowan
  6992 | D:7      | Killed Duvessa
  6999 | D:7      | Killed Dowan
  7319 | D:7      | Found a staircase to the Ecumenical Temple.
  7342 | D:7      | Noticed Menkaure
  7351 | D:7      | Killed Menkaure
  7464 | Temple   | Entered the Ecumenical Temple
  7709 | D:8      | Noticed Maurice
  7772 | D:8      | Killed Maurice
  7772 | D:8      | Reached XP level 11. HP: 65/69 MP: 8/11
  8047 | D:8      | Noticed a two-headed ogre
  8054 | D:8      | Killed a two-headed ogre
  8442 | D:9      | Found an opulent altar of Gozag.
  8510 | D:9      | Found a radiant altar of Vehumet.
  8747 | D:9      | Noticed a two-headed ogre
  8759 | D:9      | Killed a two-headed ogre
  8759 | D:9      | Reached ***** piety under Makhleb
  9119 | D:10     | Entered Level 10 of the Dungeon
  9259 | D:10     | Noticed Erolcha
  9275 | D:10     | Killed Erolcha
  9276 | D:10     | Found a staircase to the Orcish Mines.
  9316 | D:10     | Found Qiasoag's Weapon Shop.
  9329 | D:10     | Found Giotef's Armour Shop.
  9844 | D:11     | Noticed a red ugly thing
  9862 | D:11     | Killed a red ugly thing
 10006 | D:11     | Reached XP level 12. HP: 76/76 MP: 12/12
 10111 | D:11     | Found a staircase to the Lair.
 10153 | D:11     | Noticed a two-headed ogre
 10175 | D:11     | Killed a two-headed ogre
 10631 | D:11     | Reached skill level 10 in Fighting
 11157 | D:12     | Reached skill level 10 in Armour
 11165 | D:12     | Reached ****** piety under Makhleb
 11451 | D:12     | Found Xuddan's Distillery.
 11544 | D:13     | Noticed a vault guard
 11586 | D:13     | Noticed a vault guard
 11896 | D:13     | Reached XP level 13. HP: 83/83 MP: 13/13
 12441 | D:13     | Noticed a vault guard
 12442 | D:13     | Noticed a vault guard
 12453 | D:13     | Noticed a vault guard
 12508 | D:12     | Killed a vault guard
 12545 | D:12     | Killed a vault guard
 12619 | D:13     | Killed a vault guard
 12630 | D:13     | Killed a vault guard
 12634 | D:13     | Killed a vault guard
 12637 | D:13     | Found a gate to the Vaults.
 12928 | D:14     | Found a runed translucent gate.
 12929 | D:14     | Found a runed translucent gate.
 12930 | D:14     | Found a runed translucent gate.
 12931 | D:14     | Noticed a minotaur
 12933 | D:14     | Noticed night's ghost (novice FoFi)
 13240 | D:14     | Noticed Nessos
 13263 | D:14     | Killed Nessos
 13521 | D:15     | Entered Level 15 of the Dungeon
 13805 | D:15     | Found a staircase to the Depths.
 13823 | D:15     | Noticed an ice dragon
 13823 | D:15     | a wolf spider changed into an ice dragon
 13827 | D:15     | an ice dragon changed into a satyr
 14233 | D:15     | Gained mutation: Your large and strong wings let you fly
                  | indefinitely. [Gargoyle growth]
 14233 | D:15     | Reached XP level 14. HP: 91/91 MP: 12/14
 14249 | D:15     | Found a white marble altar of Elyvilon.
 15066 | D:14     | Killed night's ghost
 15106 | D:14     | Reached skill level 15 in Maces & Flails
 15114 | D:14     | Got a pitted war axe
 15127 | D:14     | Identified the +3 war axe "Bem Wiysaso" {chaos, Str+6
                  | Dex-5} (You found it on level 14 of the Dungeon)
 15365 | D:10     | Bought the +6 leather armour of Evaorph {Regen+} for 585
                  | gold pieces
 15543 | D:6      | Bought a steaming buckler for 237 gold pieces
 15548 | D:6      | Identified the +3 buckler "Rahul" {Regen+} (You bought it
                  | in a shop on level 6 of the Dungeon)
 15614 | D:6      | Reached skill level 1 in Shields
 15946 | Lair:1   | Entered Level 1 of the Lair of Beasts
 16238 | Lair:1   | Noticed Fannar
 16250 | Lair:1   | Killed Fannar
 18046 | Lair:3   | Found a dark tunnel.
 18092 | Volcano  | Entered a volcano
 18214 | Volcano  | Noticed a red draconian
 18231 | Volcano  | Killed a red draconian
 18436 | Lair:3   | Noticed Gastronok
 18452 | Lair:3   | Killed Gastronok
 18537 | Lair:3   | Found a runed translucent door.
 18537 | Lair:3   | Identified the cursed +1 trident "Emniep" {freeze, Int+6}
 18539 | Lair:3   | Noticed Duod's ghost (journeyman MiBe)
 19046 | Lair:4   | Reached skill level 10 in Dodging
 19089 | Lair:4   | Reached skill level 5 in Shields
 19710 | Lair:4   | Found a staircase to the Snake Pit.
 19910 | Lair:4   | Found a staircase to the Shoals.
 20287 | Lair:5   | Reached XP level 15. HP: 98/98 MP: 13/15
 21003 | Lair:6   | Entered Level 6 of the Lair of Beasts
 21237 | Lair:6   | Found a runed translucent door.
 21311 | Lair:6   | Found a viscous altar of Jiyva.
 21311 | Lair:6   | Found a staircase to the Slime Pits.
 21775 | Lair:6   | Found a large runed translucent door.
 21775 | Lair:6   | Found a large runed translucent door.
 22357 | Lair:3   | Killed Duod's ghost
 22547 | Orc:1    | Entered Level 1 of the Orcish Mines
 22716 | D:6      | Bought the +3 warlock's mirror {reflect} for 1000 gold
                  | pieces
 22716 | D:6      | Found the +3 warlock's mirror {reflect}
 23263 | Orc:2    | Entered Level 2 of the Orcish Mines
 23306 | Orc:2    | Noticed Sonja
 23310 | Orc:2    | Killed Sonja
 23806 | Orc:2    | Found Winuf's Distillery.
 23807 | Orc:2    | Found Nutuusmi's Magic Scroll Shoppe.
 23979 | Orc:1    | Noticed Jorgrun
 23997 | Orc:1    | Killed Jorgrun
 24054 | Orc:1    | Found Pasiak's Distillery.
 24127 | Orc:2    | Noticed an orc warlord
 24164 | Orc:2    | Killed an orc warlord
 24414 | Orc:2    | Reached XP level 16. HP: 107/107 MP: 14/16
 24783 | Orc:2    | Found Punoloas's Book Boutique.
 24783 | Orc:2    | Found Somun's Antique Weapon Shop.
 24783 | Orc:2    | Found a one-way gate leading to the halls of Pandemonium.
 24977 | Orc:2    | Found a staircase to the Elven Halls.
 25201 | Orc:2    | Bought a potion of might for 44 gold pieces
 25201 | Orc:2    | Bought 2 potions of haste for 220 gold pieces
 25201 | Orc:2    | Bought 2 potions of might for 88 gold pieces
 25201 | Orc:2    | Bought a potion of resistance for 110 gold pieces
 25201 | Orc:2    | Bought a potion of heal wounds for 55 gold pieces
 25201 | Orc:2    | Bought a potion of heal wounds for 55 gold pieces
 25201 | Orc:2    | Bought a potion of heal wounds for 55 gold pieces
 25201 | Orc:2    | Bought a potion of resistance for 110 gold pieces
 25408 | Shoals:1 | Entered Level 1 of the Shoals
 25546 | Shoals:1 | Reached skill level 15 in Fighting
 26416 | Shoals:1 | HP: 1/108 [merfolk aquamancer/shard of ice (30)]
 26423 | Shoals:1 | Reached skill level 15 in Armour
 26773 | Shoals:2 | Noticed a kraken
 26794 | Shoals:2 | Killed a kraken
 27066 | Shoals:2 | Noticed a kraken
 27120 | Shoals:2 | Killed a kraken
 27561 | Shoals:3 | Reached XP level 17. HP: 113/113 MP: 17/17
 28511 | Shoals:4 | Entered Level 4 of the Shoals
 28546 | Shoals:4 | Identified the +2 leather armour of the Cockatrice {Dex+3
                  | Slay+2}
 29311 | Shoals:4 | Got an ancient halberd
 29670 | Shoals:4 | Got a barnacled rune of Zot
 30443 | Snake:1  | Entered Level 1 of the Snake Pit
 30464 | Snake:1  | Reached XP level 18. HP: 115/122 MP: 13/18
 30728 | Snake:1  | Found a white marble altar of Elyvilon.
 31304 | Snake:2  | Noticed Kirke
 31318 | Snake:2  | Killed Kirke
 31332 | Snake:2  | Found a sacrificial altar of Ru.
 32215 | Snake:3  | Identified the +2 shield "Ephum" {rN+}
 32215 | Snake:3  | Noticed Donald
 32235 | Snake:3  | Killed Donald
 32263 | Snake:3  | Noticed Vashnia
 32597 | Snake:3  | Noticed Saint Roka
 32634 | Snake:3  | Killed Saint Roka
 32666 | Snake:3  | Killed Vashnia
 32666 | Snake:3  | Reached XP level 19. HP: 128/128 MP: 10/19
 33338 | Snake:4  | Entered Level 4 of the Snake Pit
 33551 | Snake:4  | Got an encrusted quarterstaff
 34284 | Snake:4  | Got a serpentine rune of Zot
 34730 | Lair:1   | Identified the cursed +1 quarterstaff "Sarcophage" {venom,
                  | rN+ Dex+2 Stlth+} (You found it on level 4 of the Snake
                  | Pit)
 34853 | Orc:2    | Bought a scroll of acquirement for 676 gold pieces
 34855 | Orc:2    | Got a warped demon whip
 34856 | Orc:2    | Identified the +1 demon whip of Exquisite Death {slash,
                  | rElec Str+3 Int+4} (You acquired it on level 2 of the
                  | Orcish Mines)
 34902 | Elf:1    | Entered Level 1 of the Elven Halls
 36421 | Elf:2    | Found a huge runed translucent gate.
 36421 | Elf:2    | Found a huge runed translucent gate.
 36426 | Elf:2    | Found a huge runed translucent gate.
 36427 | Elf:2    | Found a huge runed translucent gate.
 36427 | Elf:2    | Found a huge runed translucent gate.
 36788 | Elf:2    | Reached XP level 20. HP: 134/136 MP: 20/20
 37277 | Elf:3    | Entered Level 3 of the Elven Halls
 37303 | Elf:3    | Got a shimmering chain mail
 37314 | Elf:3    | Identified the +5 chain mail of Beogh's Reproof {Str+4}
                  | (You found it on level 3 of the Elven Halls)
 37864 | Elf:3    | Reached skill level 15 in Dodging
 37965 | Elf:3    | HP: 5/137 [deep elf high priest/damnation (30)]
 38502 | Elf:3    | Identified The Arcane Secrets of Witchery
 38544 | Elf:3    | Identified the +4 glaive of Excruciating Pain {freeze, rF+
                  | Str+2 Int+3}
 38547 | Elf:3    | Noticed a Tzitzimitl
 38890 | Elf:3    | Got a bloodstained leather armour
 39059 | Orc:2    | Bought a scroll of blinking for 97 gold pieces
 39090 | Orc:2    | Bought a translucent hand axe for 208 gold pieces
 39090 | Orc:2    | Identified the cursed +1 hand axe of Cruel Justice {chop,
                  | Dex+9 Stlth+} (You bought it in a shop on level 2 of the
                  | Orcish Mines)
 39101 | Orc:2    | Identified the +1 leather armour of Gluttony {rF+ Int+3}
                  | (You found it on level 3 of the Elven Halls)
 39197 | D:10     | Bought the cursed +0 scale mail "Viapomp" {rF+ Str+6} for
                  | 414 gold pieces
 39295 | D:12     | Bought a potion of heal wounds for 65 gold pieces
 39295 | D:12     | Bought a potion of might for 52 gold pieces
 39295 | D:12     | Bought a potion of haste for 130 gold pieces
 39295 | D:12     | Bought a potion of berserk rage for 65 gold pieces
 39531 | Vaults:1 | Entered Level 1 of the Vaults
 40121 | Vaults:1 | Reached XP level 21. HP: 144/144 MP: 17/21
 40705 | Vaults:1 | You are sucked into a shaft and drop 1 floor!
 41226 | Vaults:2 | Found Onyik's Weapon Shop.
 42341 | Vaults:3 | Paralysed by a floating eye for 2 turns
 42696 | Vaults:3 | Found a staircase to the Crypt.
 43133 | Vaults:3 | Reached XP level 22. HP: 152/152 MP: 22/22
 43324 | Vaults:3 | Found Vidoenun's Assorted Antiques.
 44070 | Vaults:4 | Paralysed by a sphinx for 6 turns
 44071 | Vaults:4 | Cast into level 2 of the Abyss (a deep elf demonologist)
 44118 | Vaults:4 | Escaped the Abyss
 45096 | Vaults:5 | Entered Level 5 of the Vaults
 45355 | Vaults:5 | Noticed an ancient lich
 45369 | Vaults:5 | Killed an ancient lich
 45471 | Vaults:5 | Reached XP level 23. HP: 158/158 MP: 17/23
 45588 | Vaults:5 | Got a silver rune of Zot
 46067 | Vaults:5 | Identified the ring of Vodka {rElec rPois rC+ rCorr Dex-4}
 46288 | Vaults:5 | Got a slimy scimitar
 46380 | Vaults:5 | Identified the Collected Works on Conjuration and Changing
 46671 | Vaults:5 | Found the +3 salamander hide armour {+Rage rF++}
 46723 | Vaults:5 | Got an ancient brass ring
 46945 | Vaults:5 | Found the +9 scales of the Dragon King {rPois rF+ rC+ MR+}
 47196 | Vaults:5 | Identified the +1 scimitar "Sihir" {slice, *Contam rF++
                  | MP+9 Stlth+} (You found it on level 5 of the Vaults)
 47208 | Vaults:5 | Identified the ring of Wubboan {*Tele *Contam rC+++ rN+
                  | Int-3} (You found it on level 5 of the Vaults)
 47216 | Vaults:5 | Gained mutation: You are frail. (-10% HP) [mutagenic glow]
 47599 | D:13     | Lost mutation: You are frail. (-10% HP) [mutagenic glow]
 47724 | Crypt:1  | Entered Level 1 of the Crypt
 47805 | Crypt:1  | Noticed Aizul
 47824 | Crypt:1  | Killed Aizul
 47854 | Crypt:1  | Noticed Mennas
 47879 | Crypt:1  | Killed Mennas
 48015 | Crypt:1  | Noticed Xtahua
 48027 | Crypt:1  | Killed Xtahua
 48167 | Crypt:1  | Reached XP level 24. HP: 162/166 MP: 21/23
 48648 | Crypt:1  | Got a warped fustibalus
 49870 | Crypt:2  | Found an ancient bone altar of Kikubaaqudgha.
 50100 | Crypt:3  | Entered Level 3 of the Crypt
 50323 | Crypt:3  | Found a basalt altar of Yredelemnul.
 50340 | Crypt:3  | Noticed Boris
 50355 | Crypt:3  | Killed Boris
 51111 | Crypt:3  | Found a staircase to the Tomb.
 51673 | Crypt:3  | Identified the +3 fustibalus of Fate {freeze, Str+3 Stlth+}
                  | (You found it on level 1 of the Crypt)
 52119 | Crypt:3  | Reached XP level 25. HP: 173/173 MP: 22/23
 52223 | Tomb:1   | Entered Level 1 of the Tomb of the Ancients
 52733 | Tomb:1   | Noticed a greater mummy
 53281 | Tomb:1   | Killed a greater mummy
 53506 | Tomb:1   | Noticed a greater mummy
 53534 | Tomb:1   | Killed a greater mummy
 53591 | Tomb:1   | Identified the +6 long sword "Dragonbane" {slice, rElec
                  | MP-9 Dex+7}
 53865 | Tomb:2   | Noticed a greater mummy
 53879 | Tomb:2   | Killed a greater mummy
 53898 | Tomb:2   | Noticed a greater mummy
 53929 | Tomb:2   | Killed a greater mummy
 53936 | Tomb:2   | Noticed a greater mummy
 53946 | Tomb:2   | Noticed an ancient lich
 53967 | Tomb:2   | Killed a greater mummy
 53976 | Tomb:2   | Killed an ancient lich
 54847 | Tomb:1   | Noticed a greater mummy
 54847 | Tomb:1   | Noticed a greater mummy
 54847 | Tomb:1   | Noticed a greater mummy
 54848 | Tomb:1   | Noticed a greater mummy
 54857 | Tomb:1   | Noticed a greater mummy
 54863 | Tomb:1   | Killed a greater mummy
 55836 | Tomb:1   | Killed a greater mummy
 55860 | Tomb:1   | Killed a greater mummy
 55884 | Tomb:1   | Killed a greater mummy
 56016 | Tomb:1   | Killed a greater mummy
 56016 | Tomb:1   | Reached XP level 26. HP: 123/181 MP: 14/23
 56571 | Tomb:1   | Noticed a greater mummy
 56590 | Tomb:1   | Killed a greater mummy
 56596 | Tomb:1   | Noticed a greater mummy
 56611 | Tomb:1   | Noticed a greater mummy
 56618 | Tomb:1   | Killed a greater mummy
 56643 | Tomb:1   | Killed a greater mummy
 56646 | Tomb:1   | Noticed a greater mummy
 56682 | Tomb:1   | Killed a greater mummy
 57093 | Tomb:1   | Noticed a greater mummy
 57100 | Tomb:1   | Noticed a greater mummy
 57114 | Tomb:1   | Killed a greater mummy
 57138 | Tomb:1   | Killed a greater mummy
 57181 | Tomb:1   | Noticed a greater mummy
 57201 | Tomb:1   | Killed a greater mummy
 57373 | Tomb:1   | Noticed a greater mummy
 57409 | Tomb:1   | Killed a greater mummy
 57671 | Tomb:1   | Noticed a greater mummy
 57690 | Tomb:1   | Killed a greater mummy
 57979 | Tomb:3   | Entered Level 3 of the Tomb of the Ancients
 58033 | Tomb:3   | Noticed a greater mummy
 58047 | Tomb:3   | Noticed a greater mummy
 58050 | Tomb:3   | Noticed a greater mummy
 58052 | Tomb:3   | Noticed a greater mummy
 58076 | Tomb:3   | Noticed Khufu
 58096 | Tomb:3   | Noticed a greater mummy
 58136 | Tomb:3   | Killed Khufu
 58176 | Tomb:3   | Noticed a greater mummy
 58177 | Tomb:3   | Noticed a greater mummy
 58180 | Tomb:3   | HP: 9/183 [greater mummy/divine providence (9)]
 58181 | Tomb:3   | Noticed a greater mummy
 58202 | Tomb:3   | HP: 12/274 [greater mummy/divine providence (10)]
 58204 | Tomb:3   | Killed from afar by a greater mummy

Levels and vault maps discovered:
D:1:      matt_arrival_diagonals, layout_loops_cross
D:2:      layout_loops_ring, overflow_temple_1_default,
          grunt_temple_overflow_open, minmay_goblin_outpost, uniq_robin,
          uniq_sigmund, uniq_terence
D:3:      layout_basic, kennysheep_slug_shrine, bh_walls_and_bars
D:4:      minmay_general_purpose_star, layout_basic,
          nicolae_tso_besieged_by_evil, enter_ossuary_3, first_ration,
          guppyfry_shop_venom
D:5:      layout_loops_ring
D:6:      kennysheep_windowed_halls, layout_basic, lemuel_doored_altar,
          gammafunk_temple_overflow_arena, zin_purify, serial_shops,
          nicolae_shop_crystal, grunt_ministairs_11, hex_intersection,
          okawaru_metal_pillars_1_2
D:7:      layout_loops_corners, dancing_weapons_uskayaw,
          kiku_gazebo_pond_becter, temple_statues, uniq_joseph, uniq_harold,
          uniq_menkaure, uniq_duvessa
D:8:      layout_loops_corners, uniq_maurice
D:9:      layout_roguey, nicolae_overflow_crystal_walls, lemuel_round_altar
D:10:     layout_basic, orc_david_3, uniq_erolcha
D:11:     layout_roguey, due_lair_maze_entry_diamond, grunt_tengu_nest
D:12:     layout_basic, serial_shops, nicolae_shop_trees
D:13:     layout_loops_ring, grunt_vaults_entry_fortified, serial_aquarium,
          aquarium_bridge_straight [aquarium_subvault_bridge,
          aquarium_subvault_wall, aquarium_subvault_bridge,
          aquarium_subvault_wall], aquarium_window_1, aquarium_window_1,
          aquarium_window_1, aquarium_view_2b, aquarium_view_2b,
          einodemon_crawler_minivault
D:14:     layout_roguey, maelrawn_ghost_gauntlet_escape,
          hangedman_abyss_or_decor_stagger, due_unseen_surprise, uniq_nessos
D:15:     hangedman_depths_entry_try_elsewhere_first, layout_layer_cave,
          elyvilon_altar_4
Temple:   compressed_dpeg_circular_temple
Lair:1:   layout_cave_pods, uniq_fannar
Lair:2:   layout_chaotic_city, minivault_26
Lair:3:   layout_roguey, ebering_ghost_funeral_grove,
          nicolae_volcano_entry_two_sided, st_stairs_7, minmay_holes,
          chequers_serial_rivers_large_a, lemuel_fruit_fields,
          serial_bayou_shore_b, uniq_gastronok
Lair:4:   beast_lair_carwin_large_1, layout_cave_pods, elwin_shoals_entry_rooms,
          chequers_serial_rivers_small_3
Lair:5:   layout_cave_shapes, infiniplex_staircase_pool
Lair:6:   cheibrodos_lair_end_hotspot, layout_misc_corridors, slime_altar_2
Shoals:1: layout_shoals, yaktaur_hedge
Shoals:2: layout_shoals, nicolae_shoals_hunting_party
Shoals:3: layout_shoals
Shoals:4: shoals_end_grunt_ice, layout_shoals, nicolae_shoals_isolated_beach
Snake:1:  layout_rooms, basic_altar, drop_trap, st_stairs_3, grunt_ministairs_7,
          corexii_hall_statues_l
Snake:2:  layout_gridlike, basic_altar, drop_trap, uniq_kirke
Snake:3:  layout_concentric_octagons, serial_bayou_shore_a, uniq_saint_roka,
          uniq_vashnia, uniq_donald
Snake:4:  snake_pit, layout_layer_cave, drop_trap
Orc:1:    layout_diamond_mine, serial_shops, nicolae_shop_behind_doors,
          mines3_lemuel, uniq_jorgrun
Orc:2:    pf_orc_diabolical, layout_caves, uniq_sonja
Elf:1:    eino_elf_arrival_shootout, layout_geoelf_diagonals, minivault_28
Elf:2:    layout_geoelf_grid
Elf:3:    elf_hall, layout_loops_cross
Vaults:1: v_alt_pattern_6, nicolae_vaults_mini_display_case,
          hangedman_vaults_snaps, hangedman_vaults_stagger, v_misc_32,
          vaults_room_corners, nicolae_vaults_little_squares_6,
          vaults_dpeg_ring, hangedman_vaults_impose, nicolae_vaults_rhombus_6,
          nicolae_vaults_holding_cells, ontoclasm_vaults_hangar,
          layout_vaults_ring
Vaults:2: nicolae_vaults_little_squares_6, v_misc_3, ontoclasm_vaults_spin,
          vaults_dpeg_encased_lava, vaults_mumra_hexcomb, v_misc_17,
          vaults_standard_mumra_enter_the_diamond, ontoclasm_vaults_fault,
          serial_ice_h, hangedman_vaults_maws, dpeg_vaults_monster_row,
          hangedman_vaults_stretched_pinwheel, ontoclasm_vaults_gateway,
          layout_vaults_omnicross, serial_shops, nicolae_shop_stone
Vaults:3: hangedman_vaults_stitches, minmay_crypt_entry_vampire_xt,
          nicolae_vaults_network_square, dpeg_vaults_monster_box,
          ontoclasm_vaults_ring_large, v_misc_9, vaults_room_corners,
          hangedman_vaults_nails, ontoclasm_vaults_ring_small,
          ontoclasm_vaults_shuriken, v_misc_16, layout_vaults_maze_bifur,
          serial_shops, nicolae_shop_trees
Vaults:4: grunt_vaults_focal, ontoclasm_vaults_decontamination, v_misc_28,
          v_misc_27, hangedman_vaults_river_flow, hangedman_vaults_slice,
          hangedman_vaults_pinch, serial_ice_b, nicolae_vaults_yaktaur_gun_rack,
          layout_vaults_omnigrid
Vaults:5
Crypt:1:  layout_basic, uniq_mennas, uniq_xtahua, uniq_aizul
Crypt:2:  layout_misc_corridors, basic_altar
Crypt:3:  evilmike_haunted_forest, uniq_boris
Tomb:1
Tomb:2
Tomb:3

Skill      XL: |  1  2  3  4  5  6  7  8  9 10 11 12 13 14 15 16 17 18 19 20 21 22 23 24 25 26 |
---------------+-------------------------------------------------------------------------------+-----
Armour         | 1 2 3 4 5 6 8 9 10 11 12 14 15 16 17 18 19 20 21 22 23 | 23.2
Fighting       | 3 4 5 7 8 9 10 11 13 14 15 16 17 18 19 20 21 22 23 | 23.3
Maces & Flails | 4 5 6 7 9 10 12 13 14 15 16 17 18 19 20 21 22 | 22.3
Dodging        | 3 4 5 6 7 8 9 10 11 12 13 14 15 16 17 18 19 | 19.0
Shields        | 5 8 |  8.1
Throwing       | |  1.7

Action                   |  1- 3 |  4- 6 |  7- 9 | 10-12 | 13-15 | 16-18 | 19-21 | 22-24 | 25-27 || total
-------------------------+-------+-------+-------+-------+-------+-------+-------+-------+-------++-------
Melee: Flail             |   136 |   247 |   381 |  1016 |       |       |       |       |       ||  1780
       Morningstar       |       |       |   222 |   228 |   762 |       |       |       |       ||  1212
       Demon whip        |       |       |       |       |  1120 |  2146 |  2325 |  2603 |  1265 ||  9459
       Hand axe          |       |       |       |       |       |       |     7 |       |       ||     7
       Great mace        |       |       |       |       |       |       |       |       |    44 ||    44
Throw: Throwing net      |       |       |       |     1 |       |       |       |       |       ||     1
 Abil: Fly               |       |       |       |       |     1 |       |       |       |       ||     1
Evoke: Wand              |       |       |       |     1 |     1 |     3 |     2 |     2 |     1 ||    10
  Use: Potion            |       |     3 |     1 |       |     4 |     7 |       |       |    10 ||    25
       Scroll            |       |     3 |     4 |     8 |    10 |     3 |    13 |     9 |    11 ||    61
 Stab: Held in net/web   |       |       |       |     1 |       |       |       |       |       ||     1
       Confused          |       |       |       |     1 |       |       |     1 |       |       ||     2
       Sleeping          |       |       |       |       |     2 |       |       |       |     1 ||     3
       Distracted        |       |       |       |       |       |       |     1 |       |       ||     1
       Petrifying        |       |       |       |       |       |       |     1 |       |       ||     1
       Paralysed         |       |       |       |       |       |       |       |       |     2 ||     2
  Eat: Chunk             |     1 |     6 |    11 |    22 |    34 |    20 |    29 |    16 |       ||   139
       Ration            |       |       |       |       |     3 |     2 |     2 |     5 |     6 ||    18
Armor: Leather armour    |    70 |    98 |       |       |   283 |   519 |   196 |       |       ||  1166
       Plate armour      |       |     9 |   451 |   246 |       |       |       |       |       ||   706
       Chain mail        |       |       |       |   241 |   315 |       |   314 |   316 |       ||  1186
       Gold dragon scale |       |       |       |       |       |       |       |   592 |  1104 ||  1696
Dodge: Dodged            |   116 |   177 |   220 |   625 |  1303 |  1461 |  1147 |   873 |  1105 ||  7027
Block: Other             |       |       |    23 |   207 |   123 |       |       |       |    13 ||   366
       Reflection        |       |       |       |     9 |    14 |    90 |   163 |    54 |    15 ||   345
       Buckler           |       |       |       |       |   812 |  1193 |  1064 |  1021 |  1172 ||  5262

Table legend:
 A = Non-vault XP
 B = Vault XP
 C = Vault XP percentage of total XP
 D = Non-vault monster count
 E = Vault monster count
 F = Vault count percentage of total count
                 A         B        C        D         E       F
            +---------+---------+-------+---------+---------+-------
      Total |  490913 |  715144 |  59.3 |    1335 |     902 |  40.3
            +---------+---------+-------+---------+---------+-------
        D:1 |      68 |       0 |   0.0 |      39 |       0 |   0.0
        D:2 |      75 |     313 |  80.7 |      27 |      19 |  41.3
        D:3 |     160 |       4 |   2.4 |      32 |       1 |   3.0
        D:4 |     189 |     674 |  78.1 |      10 |      17 |  63.0
        D:5 |     996 |       0 |   0.0 |      27 |       0 |   0.0
        D:6 |     701 |    2512 |  78.2 |      17 |      21 |  55.3
        D:7 |    1790 |    1870 |  51.1 |      33 |       5 |  13.2
        D:8 |    1923 |     449 |  18.9 |      26 |       1 |   3.7
        D:9 |    2480 |       0 |   0.0 |      19 |       0 |   0.0
       D:10 |    2155 |    1413 |  39.6 |      28 |       8 |  22.2
       D:11 |    2525 |    2357 |  48.3 |      36 |      12 |  25.0
       D:12 |    6981 |    2220 |  24.1 |      33 |       3 |   8.3
       D:13 |    4384 |    5940 |  57.5 |      24 |      13 |  35.1
       D:14 |    5241 |    4685 |  47.2 |      16 |       8 |  33.3
       D:15 |    5874 |    1962 |  25.0 |      12 |       4 |  25.0
     Lair:1 |     955 |    1059 |  52.6 |       8 |       1 |  11.1
     Lair:2 |    3968 |       0 |   0.0 |      22 |       0 |   0.0
     Lair:3 |     982 |    4292 |  81.4 |       3 |       6 |  66.7
     Lair:4 |    4843 |    3613 |  42.7 |      22 |       8 |  26.7
     Lair:5 |   12422 |       0 |   0.0 |      38 |       0 |   0.0
     Lair:6 |   11485 |    7001 |  37.9 |      39 |      29 |  42.6
   Shoals:1 |   13583 |     371 |   2.7 |      32 |       1 |   3.0
   Shoals:2 |   19226 |    3436 |  15.2 |      32 |       6 |  15.8
   Shoals:3 |   20332 |    6625 |  24.6 |      45 |       7 |  13.5
   Shoals:4 |   13347 |   21374 |  61.6 |      30 |      35 |  53.8
    Snake:1 |   16951 |    5388 |  24.1 |      35 |       7 |  16.7
    Snake:2 |   30808 |    4435 |  12.6 |      51 |       5 |   8.9
    Snake:3 |   10607 |   14562 |  57.9 |      27 |      18 |  40.0
    Snake:4 |   12544 |   29380 |  70.1 |      23 |      46 |  66.7
      Orc:1 |    1404 |    3726 |  72.6 |      29 |       2 |   6.5
      Orc:2 |    5214 |   18067 |  77.6 |      51 |      67 |  56.8
      Elf:1 |   12948 |    9052 |  41.1 |      22 |      16 |  42.1
      Elf:2 |    9825 |   22073 |  69.2 |      15 |      28 |  65.1
      Elf:3 |    9966 |   28568 |  74.1 |      16 |      25 |  61.0
   Vaults:1 |   32777 |   27489 |  45.6 |      63 |      36 |  36.4
   Vaults:2 |   30401 |   14812 |  32.8 |      44 |      23 |  34.3
   Vaults:3 |   30807 |   15748 |  33.8 |      52 |      30 |  36.6
   Vaults:4 |   30797 |   29007 |  48.5 |      40 |      35 |  46.7
   Vaults:5 |   18921 |  106532 |  84.9 |      33 |      71 |  68.3
    Crypt:1 |   38810 |   13607 |  26.0 |      65 |       3 |   4.4
    Crypt:2 |   33146 |       0 |   0.0 |      48 |       0 |   0.0
    Crypt:3 |       0 |   83772 | 100.0 |       0 |     109 | 100.0
     Tomb:1 |   11132 |  134667 |  92.4 |      26 |      62 |  70.5
     Tomb:2 |   10608 |   60579 |  85.1 |      34 |      56 |  62.2
     Tomb:3 |    5745 |   17467 |  75.2 |       8 |      14 |  63.6
    Abyss:2 |     817 |       0 |   0.0 |       3 |       0 |   0.0
    Ossuary |       0 |     424 | 100.0 |       0 |      39 | 100.0
    Volcano |       0 |    3619 | 100.0 |       0 |       5 | 100.0
            +---------+---------+-------+---------+---------+-------
